 Dungeon Crawl Stone Soup version 0.22.1-1-ga44c0e56f4 (webtiles) character file.

1614962 4FPSwarrior the Slayer (level 27, 230/230 HPs)
             Began as a Yellow Draconian Transmuter on Sept 23, 2018.
             Was the Champion of Qazlal.
             Escaped with the Orb
             ... and 3 runes on Sept 30, 2018!
             The game lasted 09:38:14 (79974 turns).

4FPSwarrior the Slayer (DrTm)                      Turns: 79974, Time: 09:38:14

Health: 230/230    AC: 26    Str: 13    XL:     27
Magic:  43/43      EV: 35    Int: 18    God:    Qazlal [******]
Gold:   5911       SH: 18    Dex: 33    Spells: 3/30 levels left

rFire    + . .     SeeInvis .     - Unarmed
rCold    + . .     Gourm    .   l - +3 buckler {AC+3}
rNeg     + . .     Faith    .   (armour unavailable)
rPois    .         Spirit   .   (helmet restricted)
rElec    .         Reflect  .   d - scarf {rC+ rF+}
rCorr    +         Harm     .   m - +1 pair of gloves
MR       +++++     Clarity  +   x - +2 pair of boots {run}
Stlth    +.........             b - amulet of the Four Winds {rN+ MR+++ Clar}
HPRegen  0.88/turn              w - ring of Omonkiliacu {*Corrode MR+ Str+3 Dex+6}
MPRegen  0.28/turn              k - ring of Ipsam {MP+9 AC+5 Dex+6}

@: repel missiles, quick
A: spit acid, acid resistance, unfitting armour, frail 1, regeneration 1,
screaming 1, weak 1, acidic bite, cold-blooded, AC +13
0: Orb of Zot
}: 3/15 runes: serpentine, barnacled, silver
a: Breathe Acid, Upheaval, Elemental Force, Disaster Area, Renounce Religion


You escaped.
You worshipped Qazlal.
Qazlal was exalted by your worship.
You were not hungry.

You visited 10 branches of the dungeon, and saw 50 of its levels.
You visited 1 bazaar.
You visited 1 ziggurat, and saw 3 of its levels.
You also visited: Volcano and Wizlab.

You collected 8426 gold pieces.
You spent 2515 gold pieces at shops.

Inventory:

Missiles
 j - 112 javelins (quivered)
 t - 31 javelins of penetration
 y - 333 arrows
 W - 4 throwing nets
Armour
 a - the -1 cloak of Polytheism {rF+ rN+ rCorr}
   (You found it in a wizard's laboratory)

   It protects you from fire.
   It protects you from negative energy.
   It provides partial protection from all sources of acid and corrosion.
 d - a scarf of resistance (worn)
 l - a +3 buckler of protection (worn)
 m - a +1 pair of gloves (worn)
 x - a +2 pair of boots of running (worn)
 P - the +1 cloak of Peyggaiso {rCorr Str+4 Int+4}
   (You found it on level 3 of a ziggurat)

   It affects your strength (+4).
   It affects your intelligence (+4).
   It provides partial protection from all sources of acid and corrosion.
Jewellery
 b - the amulet of the Four Winds (around neck) {rN+ MR+++ Clar}
   (You bought it in a shop on level 2 of the Snake Pit)

   [amulet of nothing]

   It protects you from negative energy.
   It affects your resistance to hostile enchantments.
   It protects you against confusion.
 k - the ring of Ipsam (right hand) {MP+9 AC+5 Dex+6}
   (You found it on level 11 of the Dungeon)

   [ring of protection]

   It affects your AC (+5).
   It affects your dexterity (+6).
   It affects your magic capacity (+9).
 p - an uncursed ring of see invisible
 w - the ring of Omonkiliacu (left hand) {*Corrode MR+ Str+3 Dex+6}
   (You bought it in a shop on level 2 of the Snake Pit)

   [ring of protection from magic]

   It affects your strength (+3).
   It affects your dexterity (+6).
   It affects your resistance to hostile enchantments.
   It may corrode you when you take damage.
 J - an uncursed ring of protection from fire
Wands
 e - a wand of acid (20)
 D - a wand of digging (75)
 E - a wand of paralysis (54)
 H - a wand of enslavement (24)
 M - a wand of iceblast (23)
 R - a wand of disintegration (16)
 V - a wand of flame (142)
Scrolls
 h - 2 scrolls of magic mapping
 i - 2 scrolls of summoning
 o - 27 scrolls of remove curse
 q - 13 scrolls of identify
 r - 7 scrolls of silence
 s - 7 scrolls of teleportation
 u - 2 scrolls of enchant weapon
 C - 4 scrolls of fog
 G - 8 scrolls of fear
 L - 5 scrolls of amnesia
 Q - 5 scrolls of immolation
 U - 2 scrolls of brand weapon
 X - a scroll of blinking
Potions
 f - 6 potions of cancellation
 g - 10 potions of curing
 n - 8 potions of mutation
 z - 4 potions of brilliance
 A - 2 potions of ambrosia
 B - 4 potions of resistance
 F - 4 potions of might
 I - 10 potions of flight
 K - 5 potions of haste
 N - 5 potions of agility
 O - a potion of magic
 S - 5 potions of invisibility
 Z - 3 potions of berserk rage
Comestibles
 c - 51 rations


   Skills:
 * Level 22.6 Fighting
 + Level 19.1 Dodging
 - Level 4.0 Shields
 + Level 21.3 Unarmed Combat
 - Level 2.0 Spellcasting
 + Level 21.4 Transmutations
   Level 10.9 Ice Magic
 + Level 3.6 Air Magic
 + Level 17.3 Earth Magic
 - Level 9.0 Poison Magic
 - Level 15.4 Invocations


You had 3 spell levels left.
You knew the following spells:

 Your Spells              Type           Power        Failure   Level  Hunger
a - Beastly Appendage     Tmut           ######       0%          1    #......
b - Dragon Form           Tmut           ######....   2%          7    #######
c - Alistair's Intoxicat  Tmut/Pois      ######..     1%          5    ######.
d - Petrify               Tmut/Erth      ######..     1%          4    #####..
e - Passwall              Tmut/Erth      ######..     0%          2    ###....
f - Statue Form           Tmut/Erth      ######...    1%          6    #######
g - Swiftness             Chrm/Air       #.......     13%         2    ###....

Your spell library contained the following spells:

 Spells                   Type           Power        Failure   Level  Hunger
 Sandblast                Erth           ######       0%          1    #......
 Sticks to Snakes         Tmut           ######..     0%          2    ###....
 Freeze                   Ice            ####         1%          1    #......
 Ignite Poison            Fire/Tmut/Pois #####...     1%          3    ###....
 Spider Form              Tmut/Pois      ######....   1%          3    ###....
 Stone Arrow              Conj/Erth      ####..       1%          3    ###....
 Throw Frost              Conj/Ice       ###...       3%          2    ###....
 Mephitic Cloud           Conj/Pois/Air  ###.....     10%         3    ###....
 Animate Skeleton         Necr           N/A          19%         1    #......
 Corona                   Hex            #......      19%         1    #......
 Flame Tongue             Conj/Fire      #....        19%         1    #......
 Infusion                 Chrm           #...         19%         1    #......
 Magic Dart               Conj           #...         19%         1    #......
 Pain                     Necr           #...         19%         1    #......
 Summon Butterflies       Summ           #.......     19%         1    #......
 Summon Small Mammal      Summ           #...         19%         1    #......
 Blink                    Tloc           N/A          26%         2    ###....
 Call Imp                 Summ           #.......     26%         2    ###....
 Searing Ray              Conj           #.....       26%         2    ###....
 Shroud of Golubria       Chrm/Tloc      #.........   26%         2    ###....
 Slow                     Hex            #.......     26%         2    ###....
 Song of Slaying          Chrm           #.......     26%         2    ###....
 Sublimation of Blood     Necr           #.........   26%         2    ###....
 Throw Flame              Conj/Fire      #.....       26%         2    ###....
 Static Discharge         Conj/Air       #.......     26%         3    ###....
 Call Canine Familiar     Summ           #.......     47%         3    ###....
 Conjure Flame            Conj/Fire      #.......     47%         3    ###....
 Dazzling Spray           Conj/Hex       #.....       47%         3    ###....
 Gell's Gravitas          Tloc           #.........   47%         3    ###....
 Inner Flame              Hex/Fire       #.......     47%         3    ###....
 Lesser Beckoning         Tloc           #.........   47%         3    ###....
 Recall                   Summ/Tloc      N/A          47%         3    ###....
 Regeneration             Chrm/Necr      #.........   47%         3    ###....
 Spectral Weapon          Hex/Chrm       #.......     47%         3    ###....
 Summon Guardian Golem    Hex/Summ       #.......     47%         3    ###....
 Teleport Other           Tloc           #.......     47%         3    ###....
 Vampiric Draining        Necr           #.........   47%         3    ###....
 Ice Form                 Ice/Tmut       ######..     1%          4    #####..
 Blade Hands              Tmut           ######....   1%          5    ######.
 Lee's Rapid Deconstruct  Erth           ######....   1%          5    ######.
 Hydra Form               Tmut           ######....   1%          6    #######
 Leda's Liquefaction      Hex/Erth       ####......   5%          4    #####..
 Irradiate                Conj/Tmut      #####.....   6%          5    ######.
 Yara's Violent Unravell  Hex/Tmut       #####.....   6%          5    ######.
 Summon Ice Beast         Ice/Summ       ###.....     19%         4    #####..
 Ozocubu's Refrigeration  Ice            #####.....   30%         6    #######
 Bolt of Magma            Conj/Fire/Erth ###.......   43%         5    ######.
 Metabolic Englaciation   Hex/Ice        ###.......   47%         5    ######.
 Venom Bolt               Conj/Pois      ###.......   61%         5    ######.
 Iron Shot                Conj/Erth      ####......   63%         6    #######
 Summon Lightning Spire   Summ/Air       #.......     65%         4    #####..
 Animate Dead             Necr           N/A          87%         4    #####..
 Cause Fear               Hex            #.........   87%         4    #####..
 Force Lance              Conj/Tloc      #.......     87%         4    #####..
 Fulminant Prism          Conj/Hex       #.........   87%         4    #####..
 Iskenderun's Mystic Bla  Conj           #.......     87%         4    #####..
 Sticky Flame             Conj/Fire      #.......     87%         4    #####..
 Lightning Bolt           Conj/Air       #.........   94%         5    ######.
 Silence                  Hex/Air        #.........   94%         5    ######.
 Bolt of Cold             Conj/Ice       ###.......   96%         6    #######
 Simulacrum               Ice/Necr       ###.......   96%         6    #######
 Freezing Cloud           Conj/Ice/Air   ###.......   98%         6    #######
 Aura of Abjuration       Summ           #.........   99%         5    ######.
 Excruciating Wounds      Chrm/Necr      #.........   99%         5    ######.
 Fireball                 Conj/Fire      #.........   99%         5    ######.
 Iskenderun's Battlesphe  Conj/Chrm      #.......     99%         5    ######.
 Summon Demon             Summ           #.........   99%         5    ######.
 Summon Forest            Summ/Tloc      #.........   99%         5    ######.
 Summon Mana Viper        Hex/Summ       #.......     99%         5    ######.
 Bolt of Fire             Conj/Fire      #.........   100%        6    #######
 Darkness                 Hex            #.........   100%        6    #######
 Invisibility             Hex            #.......     100%        6    #######
 Shadow Creatures         Summ           N/A          100%        6    #######
 Malign Gateway           Summ/Tloc      #.........   100%        7    #######
 Orb of Destruction       Conj           #.........   100%        7    #######
 Spellforged Servitor     Conj/Summ      #.........   100%        7    #######
 Disjunction              Tloc           #.........   100%        8    #######
 Ignition                 Fire           #.........   100%        8    #######
 Dragon's Call            Summ           #.........   100%        9    #######
 Shatter                  Erth           ######....   100%        9    #######
 Tornado                  Air            ##........   100%        9    #######
 Passage of Golubria      Tloc           Unusable     N/A         4    N/A

Dungeon Overview and Level Annotations

Branches:
Dungeon (15/15)            Temple (1/1) D:6            Lair (6/6) D:10
 Shoals (4/4) Lair:4        Snake (4/4) Lair:4        Slime (0/5) Lair:6
    Orc (2/2) D:11            Elf (3/3) Orc:2        Vaults (5/5) D:14
  Crypt (0/3) Vaults:3     Depths (5/5) D:15            Zot (5/5) Depths:5

Altars:
Ashenzari
Cheibriados
Dithmenos
Elyvilon
Fedhas
Gozag
Hepliaklqana
Kikubaaqudgha
Makhleb
Nemelex Xobeh
Okawaru
Qazlal
Ru
Sif Muna
Trog
Uskayaw
Vehumet
Wu Jian
Xom
Yredelemnul
Zin
The Shining One

Shops:
D:7 !   D:8 %   D:9 (   D:12 !   Orc:2 *[:(   Shoals:2 (   Snake:1 %
Snake:2 =}=   Vaults:2 :   Vaults:4 ?

Portals:
Hell: Depths:1 Depths:2 Depths:3 Depths:4 Depths:5
Abyss: Depths:4
Pandemonium: Depths:3 Depths:4

Annotations:
D:4 Eustachio
Shoals:2 exclusion: Roxanne, Roxanne
Elf:2 3 runed doors
Vaults:1 3 runed doors, tailblues's ghost, adept DgSk
Zot:3 1 transporter
Zot:4 1 runed door, Sergey's ghost, adept DDFi


Innate Abilities, Weirdness & Mutations

You can spit globs of acid.
You are resistant to acid.
Your golden yellow scales are hard. (AC +13)
You cannot fit into any form of body armour.
You have acidic saliva.
You are cold-blooded and may be slowed by cold attacks.
You are frail. (-10% HP)
Your natural rate of healing is unusually fast.
You occasionally shout uncontrollably at your foes.
You are weak. (Str -2)


Message History

There is a stone staircase leading up here.
There is a stone staircase leading up here.
You climb upwards.
There is a stone staircase leading down here.
(D) Dungeon (T) Temple (L) Lair (A) Shoals (P) Snake Pit (M) Slime Pits (O) Orcish Mines (E) Elven Halls (V) Vaults (C) Crypt (U) Depths (H) Hell (Z) Zot
Where to? (Enter - D:1 @ (x,y), ? - help)
Okay, then.
Evoke which item? (* to show all) (? for menu, Esc to quit)
Aiming: Dig
Press: ? - help, Shift-Dir - straight line A rock wall.
This square is covered in magical glow.
The rock shatters into small pieces.
You hear a roar.
There is an open door here.
There is a staircase leading out of the dungeon here.
You have escaped!

#.# #.# #..#####.##
###.# #.# #..# #...
##.#.#### #.#
#..#####.##
#.#...).####.#
#..........
######.####......#
###.#####..## ....##.#
#.####.# #...# #....
###.##.#
#+####'####'#.#####.>##
###.##.#
#...........#..........
.....#.#
######@############..##
###..#.#
##############..#.
#..#.#
###.............#
###..#.#
#.........>...##.
.....#.#
#.#.########.####
####.#.####### #.#.#
#.# # #.#.......#
#.#.## #.# #
#.#######.# #....## #.#
#[# #.# ##.#.#.## #.#


There were no monsters in sight!

Vanquished Creatures
  4 orbs of fire (Zot:5)
  6 ancient liches
  A juggernaut (Depths:5)
  Vashnia (Snake:3)
  Boris (Vaults:5)
  Margery (Depths:4)
  3 Killer Klowns (Zot:5)
  A caustic shrike (Depths:3)
  3 curse toes
  11 golden dragons
  A bone dragon (Zot:1)
  Nikola (Elf:1)
  3 electric golems
  An Ice Fiend (Zig:1)
  Asterion (Snake:2)
  17 tentacled monstrosities
  25 Orb Guardians (Zot:5)
  6 titans
  2 liches
  2 deep elf blademasters (Elf:3)
  2 deep elf master archers (Elf:3)
  6 quicksilver dragons
  10 death cobs
  3 acid blobs (Depths:5)
  5 sphinxes
  An eldritch tentacle (WizLab)
  3 tentacled starspawn (WizLab)
  Kirke (Lair:6)
  5 tengu reavers
  Ilsuiw (Shoals:4)
  13 nagarajas
  8 shadow dragons
  13 storm dragons
  6 draconian monks
  5 azure jellies
  10 fire giants
  8 frost giants
  12 vault wardens
  9 deep elf sorcerers
  6 draconian scorchers
  2 ghost moths
  4 deep elf elementalists (Elf:3)
  A curse skull (Vaults:3)
  7 draconian knights
  An orc warlord (Orc:1)
  3 draconian stormcallers
  6 draconian annihilators
  12 ironheart preservers
  14 stone giants
  2 war gargoyles
  A spriggan defender (Depths:3)
  6 draconian shifters
  15 very ugly things
  10 black draconians
  Azrael (Elf:2)
  5 entropy weavers
  12 green draconians
  13 yellow draconians
  17 white draconians
  A vampire knight (Depths:2)
  7 deep elf demonologists
  8 spark wasps
  6 dire elephants
  14 purple draconians
  8 red draconians
  6 deep elf annihilators
  An eidolon (Vaults:1)
  9 ettins
  A green death (Depths:3)
  8 merfolk impalers
  8 merfolk javelineers
  Snorg (D:15)
  12 death oozes
  8 great orbs of eyes
  14 fire dragons
  4 deep elf death magi
  13 ogre magi
  5 deep elf high priests
  2 jiangshi (Depths:3)
  22 yaktaur captains
  11 hydras
  7 rakshasas
  34 vault guards
  12 ice dragons
  5 naga warriors
  5 spriggan air magi
  An alligator snapping turtle (Shoals:4)
  17 anacondas
  2 merfolk avatars
  An anaconda (shapeshifter) (Vaults:5)
  3 satyrs
  11 centaur warriors
  2 death knights
  46 two-headed ogres
  11 dancing weapons
  4 merfolk aquamancers
  A two-headed ogre (shapeshifter) (Vaults:5)
  10 tengu warriors
  A vampire mage (Depths:3)
  7 deep troll shamans
  3 deep troll earth magi (Depths:5)
  2 thrashing horrors (WizLab)
  A storm dragon zombie (Vaults:5)
  10 naga sharpshooters
  Urug (Orc:1)
  7 orc high priests
  12 spriggan berserkers
  7 shock serpents
  4 iron trolls
  18 deep elf knights
  11 hell knights
  A fire crab (shapeshifter) (Depths:2)
  2 salamander mystics
  2 skeletal warriors (Vaults:3)
  3 shadow wraiths
  A sixfirhy (D:15)
  15 deep trolls
  4 wizards
  An unseen horror (shapeshifter) (Vaults:5)
  A death drake (shapeshifter) (Vaults:2)
  An orange crystal statue (Vaults:1)
  2 unseen horrors
  A sea snake (shapeshifter) (Depths:2)
  An obsidian statue (WizLab)
  A death drake (Zot:1)
  12 sea snakes
  A flayed ghost (Depths:4)
  A kraken simulacrum (Shoals:4)
  8 glowing orange brains
  3 necromancers
  Pikel (D:5)
  17 deep elf archers
  2 phantasmal warriors (Vaults:5)
  A harpy (shapeshifter) (Depths:5)
  6 naga ritualists
  24 harpies
  6 mana vipers
  79 deep elf magi
  22 ironbrand convokers
  5 wolf spiders
  42 ugly things
  17 orc knights
  9 orc sorcerers
  2 stone giant zombies (Vaults:5)
  21 fauns
  4 worldbinders (WizLab)
  6 salamanders
  16 cyclopes
  A shining eye (shapeshifter) (Vaults:5)
  A moth of wrath (shapeshifter) (Depths:1)
  21 manticores
  23 moths of wrath
  A rust devil (Depths:3)
  4 elephants (Lair:6)
  11 guardian serpents
  Maurice (D:8)
  11 vault sentinels
  An apocalypse crab (WizLab)
  4 water nymphs
  33 black mambas
  11 merfolk sirens
  A smoke demon (Depths:3)
  21 naga magi
  A spiny frog (shapeshifter) (Vaults:4)
  9 spiny frogs
  4 gargoyles
  4 rime drakes
  5 kobold demonologists
  10 freezing wraiths
  9 komodo dragons
  An efreet (D:14)
  An ice devil (WizLab)
  43 yaktaurs
  5 tengu conjurers
  2 ancient zymes (WizLab)
  2 hellwings (Depths:3)
  2 jumping spiders
  7 trolls
  3 meliai (D:14)
  35 merfolk
  5 wind drakes
  A polar bear (Lair:5)
  A polar bear (shapeshifter) (Vaults:3)
  2 hornets (shapeshifter) (Vaults:1)
  9 hornets
  12 blink frogs
  12 dream sheep
  10 hippogriffs
  9 slime creatures
  8 snapping turtles
  6 redbacks
  2 air elementals (Elf:1)
  A tarantella (Vaults:5)
  A tarantella (shapeshifter) (Depths:1)
  22 water elementals
  3 wraiths
  A vampire (D:14)
  42 yaks
  A hog (shapeshifter) (Vaults:5)
  A ynoxinul (WizLab)
  3 spriggans
  3 wyverns
  3 fire elementals (Elf:2)
  5 hogs
  3 basilisks
  A human (D:7)
  4 hungry ghosts
  2 vampire mosquitoes (D:12)
  27 wargs
  2 spatial vortices (WizLab)
  A warg (shapeshifter) (Vaults:2)
  An acid dragon (D:15)
  47 nagas
  3 insubstantial wisps (WizLab)
  A soldier ant (D:12)
  17 water moccasins
  5 hell hounds (Elf:2)
  A small abomination (WizLab)
  A porcupine (shapeshifter) (Vaults:5)
  7 porcupines
  5 black bears
  4 sky beasts
  An ice beast (shapeshifter) (Vaults:2)
  A slave (D:4)
  2 necrophages
  9 ice beasts
  48 orc warriors
  3 phantoms
  34 ogres
  3 wolves (Lair:6)
  10 boggarts
  19 centaurs
  14 crocodiles
  6 big kobolds
  A big kobold (shapeshifter) (Depths:1)
  14 bullfrogs
  2 earth elementals
  7 scorpions
  A water moccasin skeleton (D:8)
  16 killer bees
  2 howler monkeys
  8 wights
  An electric eel (Lair:4)
  7 crimson imps
  2 bullfrog zombies
  A quasit (D:7)
  5 centaur zombies
  5 hounds
  2 bullfrog skeletons (D:13)
  23 orc priests
  7 centaur skeletons
  An iron imp (WizLab)
  4 jellies
  7 iguanas
  12 human skeletons (Vaults:2)
  30 orc wizards
  7 worker ants
  A hound skeleton (D:9)
  A howler monkey skeleton (D:4)
  7 gnolls
  13 adders
  3 shadow imps
  3 oozes
  2 adder skeletons
  2 dart slugs (D:2)
  10 leopard geckos
  123 orcs
  9 bats
  5 giant cockroaches
  9 goblins
  9 hobgoblins
  21 jackals
  32 kobolds
  4 quokkas
  3 ball pythons
  A ball python skeleton (D:4)
  2 frilled lizards
  A leopard gecko skeleton (D:4)
  A leopard gecko zombie (D:5)
  10 rats
  5 plants
  4 starspawn tentacles (WizLab)
  A tentacle (Shoals:4)
2296 creatures vanquished.

Vanquished Creatures (collateral kills)
  A shadow dragon (Zot:3)
  An orc warlord (Orc:2)
  A draconian annihilator (Zot:3)
  A yellow draconian (Zot:3)
  A red draconian (Zot:3)
  An ettin (Vaults:5)
  A yaktaur captain (Vaults:5)
  An anaconda (Snake:1)
  A phantasmal warrior (D:10)
  2 freezing wraiths
  A hog (Lair:6)
  2 vampire mosquitoes (D:12)
  A water moccasin (D:6)
  2 orc warriors
  A centaur (D:9)
  2 ogres
  A bullfrog (D:7)
  2 orc wizards
  An orc priest (D:4)
  An adder (D:3)
  2 worms
  A dart slug (D:5)
  2 orcs
30 creatures vanquished.

Vanquished Creatures (others)
  A fire giant (Depths:1)
  Nessos (D:13)
  A yellow draconian (Zot:3)
  A naga warrior (Snake:4)
  A centaur warrior (D:15)
  2 naga sharpshooters
  A sea snake (Shoals:4)
  A phantasmal warrior (Vaults:5)
  A wizard (WizLab)
  3 deep elf magi
  A faun (Shoals:1)
  A merfolk siren (Shoals:1)
  2 water elementals
  2 ogres
  A centaur (D:15)
  An electric eel (D:12)
  2 orc wizards (Orc:2)
  An orc (Vaults:4)
  2 kobolds
  A quokka skeleton (D:8)
  10 fungi
  18 plants
  7 starspawn tentacles (WizLab)
  3 tentacles (Shoals:4)
65 creatures vanquished.

Grand Total: 2391 creatures vanquished

Notes
Turn   | Place    | Note
-------+----------+-------------------------------------------
     0 | D:1      | 4FPSwarrior the Draconian Transmuter began the quest for
                  | the Orb.
     0 | D:1      | Reached XP level 1. HP: 16/16 MP: 3/3
   251 | D:1      | Reached XP level 2. HP: 23/23 MP: 5/5
   749 | D:1      | Reached XP level 3. HP: 28/28 MP: 4/6
  1238 | D:2      | Learned a level 2 spell: Sticks to Snakes
  1769 | D:3      | Reached XP level 4. HP: 35/35 MP: 5/7
  2257 | D:3      | Learned a level 4 spell: Ice Form
  2748 | D:4      | Noticed Eustachio
  2775 | D:4      | Reached skill level 1 in Ice Magic
  2775 | D:4      | Reached XP level 5. HP: 37/40 MP: 3/8
  3412 | D:5      | Entered Level 5 of the Dungeon
  3447 | D:5      | Reached XP level 6. HP: 28/47 MP: 5/9
  3654 | D:5      | Noticed a slave
  3701 | D:5      | Reached skill level 5 in Unarmed Combat
  3898 | D:5      | Noticed an ice beast
  4168 | D:5      | Noticed a slave
  4654 | D:5      | Noticed Pikel
  4654 | D:5      | Noticed a slave
  4654 | D:5      | Noticed a slave
  4686 | D:4      | Killed a slave
  4719 | D:5      | Killed Pikel
  4719 | D:5      | Reached skill level 5 in Transmutations
  4719 | D:5      | Your scales start taking on a golden yellow colour.
  4719 | D:5      | Reached XP level 7. HP: 24/52 MP: 6/10
  5115 | D:5      | Reached XP level 8. HP: 59/59 MP: 5/11
  5363 | D:6      | Reached skill level 5 in Ice Magic
  5587 | D:6      | Found a staircase to the Ecumenical Temple.
  5595 | Temple   | Entered the Ecumenical Temple
  5764 | Temple   | Became a worshipper of Qazlal Stormbringer
  6889 | D:7      | Reached XP level 9. HP: 64/64 MP: 12/12
  6894 | D:7      | Found an ornate altar of the Wu Jian Council.
  7496 | D:7      | Reached * piety under Qazlal
  7978 | D:7      | Found Dist's Distillery.
  7981 | D:7      | Bought a potion of heal wounds for 65 gold pieces
  7981 | D:7      | Bought a potion of brilliance for 52 gold pieces
  7981 | D:7      | Bought a potion of curing for 39 gold pieces
  7981 | D:7      | Bought a potion of ambrosia for 104 gold pieces
  7981 | D:7      | Bought a potion of resistance for 130 gold pieces
  8281 | D:8      | Found Cianod's Food Boutique.
  8656 | D:8      | Found a shadowy altar of Dithmenos.
  8656 | D:8      | Found an ancient bone altar of Kikubaaqudgha.
  8956 | D:8      | Reached XP level 10. HP: 63/71 MP: 5/13
  9437 | D:8      | Reached ** piety under Qazlal
  9900 | D:8      | Reached skill level 1 in Invocations
  9909 | D:8      | Noticed Maurice
  9941 | D:8      | Killed Maurice
  9981 | D:8      | Learned a level 4 spell: Petrify
  9992 | D:8      | Found a glowing golden altar of the Shining One.
 10190 | D:8      | Found a sacrificial altar of Ru.
 10190 | D:8      | Found a radiant altar of Vehumet.
 10755 | D:9      | Found a glowing silver altar of Zin.
 10863 | D:9      | Reached skill level 1 in Earth Magic
 11010 | D:9      | Found a basalt altar of Yredelemnul.
 11358 | D:9      | Found Atylaf's Weapon Shoppe.
 12046 | D:10     | Entered Level 10 of the Dungeon
 12466 | D:10     | Noticed an orc knight
 12708 | D:10     | Reached XP level 11. HP: 77/77 MP: 8/14
 12744 | D:10     | Noticed a centaur warrior
 12752 | D:10     | Killed a centaur warrior
 12752 | D:10     | Reached *** piety under Qazlal
 12846 | D:10     | Reached skill level 10 in Unarmed Combat
 13928 | D:10     | Reached skill level 2 in Fighting
 14000 | D:10     | Found a staircase to the Lair.
 14132 | D:10     | Reached skill level 10 in Transmutations
 14893 | D:10     | Killed an orc knight
 14893 | D:10     | Reached skill level 5 in Invocations
 15519 | D:10     | Reached skill level 3 in Fighting
 15652 | Lair:1   | Entered Level 1 of the Lair of Beasts
 15905 | D:10     | Reached skill level 5 in Dodging
 17133 | Lair:2   | Reached skill level 4 in Fighting
 17135 | Lair:2   | Reached skill level 5 in Earth Magic
 17580 | Lair:2   | Learned a level 2 spell: Passwall
 17627 | Lair:2   | Reached XP level 12. HP: 92/92 MP: 11/16
 19576 | Lair:3   | Reached skill level 5 in Fighting
 19812 | Lair:4   | Reached **** piety under Qazlal
 19822 | Lair:4   | Found a dark tunnel.
 19831 | Volcano  | Entered a volcano
 19880 | Volcano  | Noticed a red draconian
 19903 | Volcano  | Killed a red draconian
 20728 | Lair:4   | Reached skill level 6 in Fighting
 21053 | Lair:4   | Noticed a seven-headed hydra
 21075 | Lair:4   | Killed a seven-headed hydra
 21075 | Lair:4   | Reached skill level 1 in Shields
 21480 | Lair:4   | Found a staircase to the Snake Pit.
 21679 | Lair:4   | Found a staircase to the Shoals.
 22473 | Snake:1  | Entered Level 1 of the Snake Pit
 22770 | Lair:5   | Noticed a five-headed hydra
 23105 | Lair:5   | Reached XP level 13. HP: 78/103 MP: 13/18
 23700 | Lair:5   | Reached skill level 10 in Ice Magic
 24424 | Lair:6   | Entered Level 6 of the Lair of Beasts
 24535 | Lair:6   | Reached skill level 7 in Fighting
 24575 | Lair:6   | Found a staircase to the Slime Pits.
 26233 | Lair:6   | Noticed Kirke
 26534 | Lair:6   | Killed Kirke
 27603 | D:10     | Reached skill level 8 in Fighting
 27799 | D:11     | Reached ***** piety under Qazlal
 28791 | D:11     | Found a shimmering altar of Xom.
 28792 | D:11     | Found a shimmering altar of Xom.
 28793 | D:11     | Found a shimmering altar of Xom.
 28793 | D:11     | Found a shimmering altar of Xom.
 28793 | D:11     | Found a shimmering altar of Xom.
 28793 | D:11     | Found a shimmering altar of Xom.
 28793 | D:11     | Found a shimmering altar of Xom.
 28795 | D:11     | You fall through a shaft for 3 floors!
 29023 | D:13     | Gained mutation: You have acidic saliva. [Yellow Draconian
                  | growth]
 29023 | D:13     | Reached XP level 14. HP: 116/116 MP: 15/20
 29352 | D:13     | Noticed Nessos
 29450 | D:13     | Killed Nessos
 30229 | D:11     | Found a hide-covered altar of Uskayaw.
 30264 | D:11     | Found a staircase to the Orcish Mines.
 30310 | D:11     | Got a wavering jade ring
 30385 | D:11     | Identified the ring of Ipsam {MP+9 AC+5 Dex+6} (You found
                  | it on level 11 of the Dungeon)
 30698 | Orc:1    | Entered Level 1 of the Orcish Mines
 31295 | Orc:1    | Noticed an orc warlord
 31601 | Orc:1    | Killed an orc warlord
 31601 | Orc:1    | Reached skill level 9 in Fighting
 32204 | Orc:2    | Entered Level 2 of the Orcish Mines
 32794 | Orc:2    | Noticed an orc warlord
 33016 | Orc:2    | Killed an orc warlord
 33859 | Orc:1    | Noticed Urug
 33875 | Orc:1    | Killed Urug
 34199 | Orc:2    | Found a staircase to the Elven Halls.
 34407 | Orc:2    | Found Dukhlaf's Antique Armour Shoppe.
 34408 | Orc:2    | Found Niudisuc's Antique Weapon Emporium.
 34412 | Orc:2    | Found Orphuqac's General Store.
 34412 | Orc:2    | Found Peadajog's Book Shoppe.
 34448 | Orc:2    | Bought a scroll of identify for 26 gold pieces
 34718 | D:12     | Found Pouptyh's Distillery.
 34726 | D:12     | Bought a potion of invisibility for 104 gold pieces
 34726 | D:12     | Bought a potion of berserk rage for 65 gold pieces
 36104 | D:14     | Noticed Snorg
 36110 | D:14     | Paralysed by an ogre mage for 4 turns
 36410 | D:14     | Reached XP level 15. HP: 124/124 MP: 22/22
 37703 | Snake:1  | Reached skill level 10 in Invocations
 38068 | Shoals:1 | Entered Level 1 of the Shoals
 38867 | D:14     | Reached skill level 10 in Earth Magic
 38911 | D:14     | Found a gate to the Vaults.
 39464 | D:15     | Entered Level 15 of the Dungeon
 39653 | D:15     | Reached skill level 10 in Fighting
 39750 | D:15     | Killed Snorg
 40446 | D:15     | Found a staircase to the Depths.
 40490 | D:15     | Reached skill level 15 in Transmutations
 40490 | D:15     | Reached XP level 16. HP: 92/134 MP: 23/23
 40673 | D:14     | Learned a level 6 spell: Statue Form
 41570 | Lair:6   | Identified Zowut's Almanac of Hexes
 42035 | Lair:6   | Reached skill level 10 in Dodging
 42281 | Snake:1  | Found Koured's Food Shoppe.
 43296 | Snake:2  | Noticed Asterion
 43459 | Snake:2  | Noticed an Executioner
 43481 | Snake:2  | Killed Asterion
 43481 | Snake:2  | Reached XP level 17. HP: 71/141 MP: 25/25
 44255 | Snake:2  | Found Ruiliopp's Jewellery Boutique.
 44255 | Snake:2  | Found Reshrygh's Gadget Shoppe.
 44256 | Snake:2  | Found Loofuirosy's Jewellery Boutique.
 44332 | Snake:2  | Bought the ring of Omonkiliacu {*Corrode MR+ Str+3 Dex+6}
                  | for 724 gold pieces
 44411 | Snake:3  | Reached skill level 11 in Fighting
 44530 | Snake:3  | Noticed Vashnia
 45322 | Snake:3  | Killed Vashnia
 45853 | Snake:4  | Entered Level 4 of the Snake Pit
 47267 | Snake:4  | Reached skill level 12 in Fighting
 47293 | Snake:4  | Reached XP level 18. HP: 154/154 MP: 26/26
 47307 | Snake:4  | Reached ****** piety under Qazlal
 47595 | Snake:4  | Got a serpentine rune of Zot
 47828 | Snake:2  | Bought the amulet of the Four Winds {rN+ MR+++ Clar} for
                  | 702 gold pieces
 47828 | Snake:2  | Found the amulet of the Four Winds {rN+ MR+++ Clar}
 49315 | Shoals:2 | Noticed Roxanne
 49401 | Shoals:2 | Found Unorof's Antique Weapon Boutique.
 50090 | Shoals:3 | Reached skill level 13 in Fighting
 50710 | Shoals:4 | Entered Level 4 of the Shoals
 51123 | Shoals:4 | Reached XP level 19. HP: 163/163 MP: 27/27
 51606 | Shoals:4 | Noticed Ilsuiw
 51621 | Shoals:4 | Killed Ilsuiw
 51631 | Shoals:4 | Got an ancient ivory ring
 51767 | Shoals:4 | Identified a scroll of acquirement
 51852 | Shoals:4 | Got a barnacled rune of Zot
 52538 | Vaults:1 | Entered Level 1 of the Vaults
 53283 | Vaults:1 | Reached skill level 14 in Fighting
 53467 | Vaults:1 | Found a runed gate.
 53467 | Vaults:1 | Found a runed gate.
 53467 | Vaults:1 | Found a runed gate.
 53467 | Vaults:1 | Noticed tailblues's ghost (adept DgSk)
 54619 | Vaults:2 | Identified the ring "Xaeg" {rCorr *Contam rF+ Str-5 Int+6}
                  | (You took it off a merfolk on level 4 of the Shoals)
 54621 | Vaults:2 | Identified the ring "Fauhim Magao" {*Tele Str+4} (You found
                  | it on level 2 of the Vaults)
 54783 | Vaults:2 | Found Wergham's Book Shop.
 55301 | Vaults:3 | Reached XP level 20. HP: 176/176 MP: 28/28
 55839 | Vaults:3 | Reached skill level 15 in Fighting
 57178 | Vaults:3 | Found a staircase to the Crypt.
 57517 | Vaults:4 | Found a magical portal.
 57550 | WizLab   | Entered The Roulette of Golubria
 57550 | WizLab   | Found a transporter.
 57560 | WizLab   | Found a corrupted altar of Lugonu.
 57694 | WizLab   | Found a transporter.
 57725 | WizLab   | Found a transporter.
 57760 | WizLab   | Found a transporter.
 57785 | WizLab   | Found a transporter.
 57800 | WizLab   | Found a transporter.
 57871 | WizLab   | Found a corrupted altar of Lugonu.
 57883 | WizLab   | Found a transporter.
 57936 | WizLab   | Found a transporter.
 57941 | WizLab   | Found a transporter.
 58112 | WizLab   | Found a transporter.
 58163 | WizLab   | Found a transporter.
 58172 | WizLab   | Found a transporter.
 58208 | WizLab   | Identified the -1 cloak of Polytheism {rF+ rN+ rCorr} (You
                  | found it in a wizard's laboratory)
 58219 | WizLab   | Identified the cursed -5 cloak of Ceqez {+Blink rF+ Str+5}
                  | (You found it in a wizard's laboratory)
 58230 | WizLab   | Got a twisted cloak
 58244 | WizLab   | Found a transporter.
 58244 | WizLab   | Found a transporter.
 58271 | WizLab   | Found a transporter.
 58277 | WizLab   | Reached XP level 21. HP: 185/185 MP: 30/30
 58291 | WizLab   | Got a coiled bone ring
 58298 | WizLab   | Found a transporter.
 58298 | WizLab   | Found a transporter.
 58316 | WizLab   | Identified Golubria's Disquisition on Translocation
 58338 | WizLab   | Found a transporter.
 58357 | WizLab   | Found a transporter.
 58357 | WizLab   | Found a transporter.
 58410 | WizLab   | Got a slimy steel ring
 58463 | Vaults:4 | Identified the ring "Minuilit" {*Corrode rPois MP+9 Str+2}
                  | (You took it off a boggart in a wizard's laboratory)
 58465 | Vaults:4 | Identified the ring of Jemog {+Fly rC+ Dex+4} (You took it
                  | off an iron imp in a wizard's laboratory)
 58482 | Vaults:4 | Identified the +1 cloak of Nobility {+Blink rF- rCorr
                  | Slay+3} (You found it in a wizard's laboratory)
 58764 | Vaults:4 | Found Otunuky's Magic Scroll Emporium.
 58767 | Vaults:4 | Bought a scroll of teleportation for 45 gold pieces
 58767 | Vaults:4 | Bought a scroll of teleportation for 45 gold pieces
 58767 | Vaults:4 | Bought a scroll of teleportation for 45 gold pieces
 58904 | Vaults:4 | Reached skill level 15 in Unarmed Combat
 60345 | Elf:1    | Entered Level 1 of the Elven Halls
 60349 | Elf:1    | Noticed Nikola
 60376 | Elf:1    | Reached skill level 16 in Fighting
 60396 | Elf:1    | Killed Nikola
 60580 | Elf:1    | Found an ancient bone altar of Kikubaaqudgha.
 60976 | Elf:1    | Identified the Almanac of Companions
 61583 | Elf:2    | Noticed Azrael
 61594 | Elf:2    | Killed Azrael
 61969 | Elf:2    | Found a runed gate.
 61969 | Elf:2    | Found a runed gate.
 61976 | Elf:2    | Found a runed gate.
 62021 | Elf:2    | Found a radiant altar of Vehumet.
 62502 | Elf:3    | Entered Level 3 of the Elven Halls
 62687 | Elf:3    | Reached XP level 22. HP: 196/196 MP: 32/32
 63506 | Elf:3    | Reached skill level 15 in Dodging
 64326 | Elf:3    | Identified Tovokk's Papyrus of the Assistive Frostbite
 64330 | Elf:3    | Identified Fifati's Collected Works on the Scorching
                  | Snowflakes
 65072 | Vaults:5 | Entered Level 5 of the Vaults
 65078 | Vaults:5 | Noticed an ancient lich
 65106 | Vaults:4 | Killed an ancient lich
 65247 | Vaults:5 | Reached skill level 17 in Fighting
 65247 | Vaults:5 | Reached skill level 15 in Invocations
 65247 | Vaults:5 | Noticed Boris
 65513 | Vaults:5 | Killed Boris
 65523 | Vaults:5 | Reached XP level 23. HP: 153/206 MP: 34/34
 66210 | Vaults:5 | Got a silver rune of Zot
 66645 | Vaults:5 | Identified a +0 pair of boots of running (You found it on
                  | level 5 of the Vaults)
 66731 | Vaults:5 | Identified Wujusugo's Papyrus of the Dusty Escort
 66952 | Vaults:5 | Got a smoking sapphire amulet
 67115 | Vaults:5 | Identified the amulet "Hosuas" {Inacc rElec rPois Dex+3}
                  | (You found it on level 5 of the Vaults)
 67141 | Vaults:5 | Learned a level 7 spell: Dragon Form
 67148 | Vaults:5 | Learned a level 5 spell: Alistair's Intoxication
 67397 | Depths:1 | Entered Level 1 of the Depths
 67414 | Depths:1 | Reached skill level 1 in Poison Magic
 67745 | Depths:1 | Found a gateway to Hell.
 67971 | Depths:1 | Found a bloodstained altar of Trog.
 68277 | Depths:2 | Reached skill level 5 in Poison Magic
 68408 | Depths:3 | Found a gateway to a bazaar.
 68512 | Depths:3 | Reached skill level 18 in Fighting
 68747 | Depths:2 | Reached XP level 24. HP: 183/216 MP: 34/34
 68996 | Bazaar   | Entered a bazaar
 68996 | Bazaar   | Found Ismerph's Food Emporium.
 68996 | Bazaar   | Found Kabunow's Jewellery Shop.
 68996 | Bazaar   | Found Aviloew's General Store.
 68996 | Bazaar   | Found Hoskar's General Store.
 69102 | Bazaar   | Found Naobbe's Jewellery Shoppe.
 69102 | Bazaar   | Found Umouq's Distillery.
 69110 | Bazaar   | Bought a potion of haste for 140 gold pieces
 69114 | Bazaar   | Bought a potion of invisibility for 64 gold pieces
 69119 | Bazaar   | Bought an uncursed ring of see invisible for 165 gold
                  | pieces
 69936 | Depths:3 | Found a one-way gate leading to the halls of Pandemonium.
 70582 | Depths:4 | Found a one-way gate to the infinite horrors of the Abyss.
 71009 | Depths:4 | Noticed Margery
 71027 | Depths:4 | Killed Margery
 71318 | Depths:5 | Entered Level 5 of the Depths
 71384 | Depths:5 | Noticed a juggernaut
 71398 | Depths:5 | Killed a juggernaut
 71655 | Depths:5 | Found a gate to the Realm of Zot.
 71756 | Depths:5 | Reached skill level 19 in Fighting
 71764 | Depths:5 | Reached XP level 25. HP: 227/227 MP: 34/34
 71906 | Depths:5 | Found a gateway to a ziggurat.
 72470 | Zig:1    | Entered Level 1 of a ziggurat
 72486 | Zig:2    | Entered Level 2 of a ziggurat
 72509 | Zig:3    | Entered Level 3 of a ziggurat
 72544 | Zig:3    | Got a steaming cloak
 72556 | Zig:3    | Identified the +1 cloak of Peyggaiso {rCorr Str+4 Int+4}
                  | (You found it on level 3 of a ziggurat)
 72603 | Zot:1    | Entered Level 1 of the Realm of Zot
 73072 | Zot:1    | Reached skill level 15 in Earth Magic
 74110 | Zot:2    | Reached skill level 20 in Fighting
 74160 | Zot:2    | Identified Sif Muna's Compendium of Shape Shifting
 74911 | Zot:3    | Reached XP level 26. HP: 126/239 MP: 31/34
 75940 | Zot:3    | Found the +0 mask of the Dragon {MR+ Slay+3 SInv}
 75965 | Zot:3    | Found a transporter.
 76388 | Zot:4    | Found a runed door.
 76389 | Zot:4    | Noticed Sergey's ghost (adept DDFi)
 76390 | Zot:4    | Found a shimmering altar of Xom.
 76515 | Zot:4    | Reached skill level 21 in Fighting
 77218 | Zot:5    | Entered Level 5 of the Realm of Zot
 77984 | Zot:5    | Noticed an orb of fire
 77985 | Zot:5    | Gained mutation: You are weak. (Str -2) [an orb of fire]
 78083 | Zot:5    | Gained mutation: You occasionally shout uncontrollably at
                  | your foes. [an orb of fire]
 78095 | Zot:5    | Killed an orb of fire
 78130 | Zot:5    | Noticed an ancient lich
 78238 | Zot:5    | Killed an ancient lich
 78397 | Zot:5    | Noticed an ancient lich
 78398 | Zot:5    | Reached XP level 27. HP: 251/251 MP: 34/34
 78414 | Zot:5    | Killed an ancient lich
 78439 | Zot:5    | Noticed an orb of fire
 78442 | Zot:5    | Gained mutation: You are frail. (-10% HP) [an orb of fire]
 78444 | Zot:5    | Gained mutation: Your natural rate of healing is unusually
                  | fast. [an orb of fire]
 78452 | Zot:5    | Killed an orb of fire
 78823 | Zot:5    | Reached skill level 22 in Fighting
 79046 | Zot:5    | Learned a level 2 spell: Swiftness
 79065 | Zot:5    | Noticed an orb of fire
 79066 | Zot:5    | Reached skill level 1 in Air Magic
 79075 | Zot:5    | Noticed an orb of fire
 79076 | Zot:5    | Killed an orb of fire
 79091 | Zot:5    | Killed an orb of fire
 79246 | Zot:5    | Noticed an ancient lich
 79261 | Zot:5    | Killed an ancient lich
 79291 | Zot:5    | Noticed an ancient lich
 79292 | Zot:5    | Noticed an ancient lich
 79297 | Zot:5    | Killed an ancient lich
 79305 | Zot:5    | Killed an ancient lich
 79469 | Zot:5    | Got the Orb of Zot
 79974 | D:$      | Escaped with the Orb!

Skill      XL: |  1  2  3  4  5  6  7  8  9 10 11 12 13 14 15 16 17 18 19 20 21 22 23 24 25 26 27 |
---------------+----------------------------------------------------------------------------------+-----
Transmutations | 3 4 5 6 7 8 9 10 11 13 15 16 17 18 19 20 21 | 21.4
Unarmed Combat | 4 6 7 9 10 11 12 13 14 16 17 18 19 20 21 | 21.3
Ice Magic      | 1 2 4 6 7 8 9 10 | 10.9
Dodging        | 3 5 6 8 9 10 11 12 13 14 15 16 17 18 19 | 19.1
Invocations    | 3 6 7 8 9 10 11 13 14 15 | 15.4
Earth Magic    | 2 5 6 8 9 10 11 13 14 15 16 17 | 17.3
Fighting       | 4 6 8 9 10 12 13 14 15 16 17 18 19 20 21 22 | 22.6
Shields        | 3 4 |  4.0
Poison Magic   | 6 9 |  9.0
Air Magic      | 3 |  3.6
Spellcasting   | |  2.0

Action                   |  1- 3 |  4- 6 |  7- 9 | 10-12 | 13-15 | 16-18 | 19-21 | 22-24 | 25-27 || total
-------------------------+-------+-------+-------+-------+-------+-------+-------+-------+-------++-------
Melee: Unarmed           |   155 |   224 |   243 |   739 |  1285 |  1040 |  1551 |  1101 |   720 ||  7058
       Tailslap          |    10 |    21 |     6 |    24 |   139 |   214 |   401 |   290 |   176 ||  1281
       Kick              |    12 |     7 |       |       |       |       |       |       |       ||    19
       Headbutt          |     3 |    26 |    13 |    22 |   157 |    12 |     2 |     4 |     4 ||   243
       Punch             |       |     2 |     5 |     6 |       |     2 |       |    13 |    50 ||    78
       Bite              |       |       |       |       |   100 |   187 |   296 |   210 |   152 ||   945
Throw: Stone             |    17 |    22 |     8 |    12 |       |       |       |       |       ||    59
       Javelin           |       |       |       |    33 |    43 |    23 |     7 |     9 |     4 ||   119
 Cast: Beastly Appendage |    34 |    36 |    12 |    19 |    48 |     5 |     2 |     2 |     1 ||   159
       Sticks to Snakes  |     2 |    31 |     7 |     6 |    21 |     4 |       |       |       ||    71
       Ice Form          |       |     1 |    16 |    67 |    63 |     8 |     1 |       |       ||   156
       Petrify           |       |       |       |    16 |    46 |     2 |     2 |       |       ||    66
       Statue Form       |       |       |       |       |       |    69 |    97 |    51 |    30 ||   247
       Alistair's Intoxi |       |       |       |       |       |       |       |     8 |     1 ||     9
       Dragon Form       |       |       |       |       |       |       |       |     9 |    29 ||    38
       Passwall          |       |       |       |       |       |       |       |       |     1 ||     1
Invok: Upheaval          |       |       |       |     5 |     9 |       |       |       |       ||    14
       Elemental Force   |       |       |       |       |     4 |       |       |     1 |     1 ||     6
       Disaster Area     |       |       |       |       |     4 |     1 |       |       |     5 ||    10
 Abil: Breathe Acid      |       |       |     3 |    18 |    39 |     1 |       |     3 |    11 ||    75
       End Transformatio |       |       |       |     2 |       |     4 |     7 |    10 |     8 ||    31
Evoke: Wand              |       |       |       |    21 |    41 |    13 |     1 |     8 |    15 ||    99
       Phial of floods   |       |       |       |     1 |     1 |     3 |       |       |       ||     5
       Lightning rod     |       |       |       |       |     8 |     6 |       |       |       ||    14
  Use: Scroll            |       |     8 |     3 |     8 |    15 |    12 |    20 |    17 |    20 ||   103
       Potion            |       |     1 |     2 |     4 |     9 |     3 |       |     4 |     9 ||    32
 Stab: Sleeping          |     1 |       |     1 |       |       |       |       |       |       ||     2
       Petrified         |       |       |       |    12 |    34 |     3 |       |       |       ||    49
       Paralysed         |       |       |       |     2 |     5 |       |       |       |       ||     7
       Petrifying        |       |       |       |     1 |     3 |     1 |       |       |       ||     5
       Distracted        |       |       |       |       |     1 |     1 |     1 |     2 |     1 ||     6
       Confused          |       |       |       |       |       |       |       |     7 |       ||     7
  Eat: Chunk             |     4 |    13 |    11 |    38 |    56 |    43 |    76 |    45 |    25 ||   311
       Ration            |       |       |     4 |    10 |    11 |    11 |     7 |     7 |    13 ||    63
Armor: Skin              |    52 |    60 |    71 |   117 |   203 |   418 |   387 |   322 |   335 ||  1965
Dodge: Dodged            |   133 |   121 |   127 |   278 |   690 |  1283 |  1425 |  1080 |   969 ||  6106
       Deflected         |       |       |       |     4 |    32 |   124 |    60 |    51 |    26 ||   297
Block: Other             |       |       |     5 |   108 |   239 |    21 |     2 |    25 |    57 ||   457
       Buckler           |       |       |       |    18 |   409 |  1421 |  1790 |  1088 |   585 ||  5311
       Reflection        |       |       |       |     1 |    65 |    97 |       |       |       ||   163
